 Dungeon Crawl Stone Soup version 0.22-a0-422-g9628fc8 (webtiles) character file.

30158 tilp the Earth Mage (level 13, 0/135 HPs)
             Began as a Gargoyle Earth Elementalist on May 20, 2018.
             Was an Elder of Ashenzari.
             Slain by a wolf (2 damage)
             ... on level 5 of the Lair of Beasts.
             The game lasted 01:00:27 (23746 turns).

tilp the Earth Mage (Gargoyle Earth Elementalist)  Turns: 23746, Time: 01:00:27

Health: 0/135      AC: 21    Str: 17    XL:     13   Next: 49%
Magic:  25/25      EV: 14    Int: 21    God:    Ashenzari [****..]
Gold:   577        SH:  4    Dex: 10    Spells: 19/28 levels left

rFire    . . .     SeeInvis +   z - +4 hand axe (curse)
rCold    + . .     Gourm    .   p - +0 buckler
rNeg     + . .     Faith    .   A - +1 leather armour {rPois} (curse)
rPois    ∞         Spirit   .   y - +0 helmet
rElec    +         Reflect  .   i - +2 cloak (curse)
rCorr    +         Harm     .   w - +0 pair of gloves
MR       .....     Clarity  +   C - +2 pair of boots (curse)
Stlth    ..........             (no amulet)
HPRegen  0.32/turn              V - ring of protection from cold (curse)
MPRegen  0.19/turn              L - ring of resist corrosion (curse)

@: berserking (expiring), very quick
A: negative energy resistance 1, electricity resistance, unbreathing,
petrification resistance, rot immunity, AC +9
a: Curse Item, Scrying, Renounce Religion


You were on level 5 of the Lair of Beasts.
You worshipped Ashenzari.
Ashenzari was greatly pleased with you.
You were not hungry.

You visited 3 branches of the dungeon, and saw 17 of its levels.

You collected 801 gold pieces.
You spent 224 gold pieces at shops.

Inventory:

Hand Weapons
 z - a cursed +4 hand axe (weapon)
 M - a +2 battleaxe
 N - a +3 war axe
 O - a +5 hand axe
Missiles
 b - 256 stones
 e - 4 tomahawks of dispersal
 u - 17 tomahawks (quivered)
 H - 3 poisoned tomahawks
 Y - 8 steel tomahawks
Armour
 i - a cursed +2 cloak (worn)
 p - a +0 buckler (worn)
 w - a +0 pair of gloves (worn)
 y - a +0 helmet (worn)
 A - a cursed +1 leather armour of poison resistance (worn)
 C - a cursed +2 pair of boots (worn)
Magical Staves
 x - an uncursed staff of summoning
Jewellery
 J - an uncursed ring of flight
 L - a cursed ring of resist corrosion (right hand)
 V - a cursed ring of protection from cold (left hand)
Wands
 o - a wand of digging (57)
 B - a wand of paralysis (12)
 D - a wand of polymorph (8)
 F - a wand of flame (39)
 G - a wand of iceblast (5)
Scrolls
 c - a scroll of torment {unknown}
 g - 9 scrolls of teleportation
 m - 4 scrolls of amnesia
 n - a scroll of random uselessness {unknown}
 r - 8 scrolls of enchant weapon
 I - a scroll of vulnerability {unknown}
 K - a scroll of summoning {unknown}
 P - a scroll of silence {unknown}
 R - a scroll of fog {unknown}
 T - a scroll of immolation {unknown}
 U - a scroll of remove curse
Potions
 a - a potion of curing
 f - 3 potions of mutation
 h - a potion of lignification
 k - a potion of berserk rage
 l - 2 potions of brilliance
 q - 2 potions of resistance
 s - 2 potions of invisibility {unknown}
 t - a potion of agility {unknown}
 v - a potion of ambrosia {unknown}
 S - a potion of magic {unknown}
 W - 2 potions of flight {unknown}
 X - a potion of cancellation {unknown}
Comestibles
 d - 36 rations
 j - 7 chunks of flesh


   Skills:
 - Level 14.1 Fighting
 - Level 4.2(6.3) Dodging
 - Level 2.1(3.9) Stealth
 - Level 4.2 Shields
 - Level 8.0 Spellcasting
 - Level 3.0(5.0) Conjurations
   Level 0.7(1.9) Transmutations
 + Level 16.5(18.3) Earth Magic
 - Level 2.2(4.0) Evocations


You had 19 spell levels left.
You knew the following spells:

 Your Spells              Type           Power        Failure   Level  Hunger
a - Sandblast             Erth           ######       0%          1    None
b - Stone Arrow           Conj/Erth      ######       1%          3    None
c - Lee's Rapid Deconstr  Erth           ######....   1%          5    #####..

Your spell library contained the following spells:

 Spells                   Type           Power        Failure   Level  Hunger
 Apportation              Tloc           #.....       9%          1    None
 Lightning Bolt           Conj/Air       ###.......   65%         5    #####..
 Summon Small Mammal      Summ           #...         9%          1    None
 Animate Skeleton         Necr           N/A          9%          1    None
 Shock                    Conj/Air       ###.         3%          1    None
 Swiftness                Chrm/Air       #.......     13%         2    None
 Spider Form              Tmut/Pois      ##........   19%         3    None
 Blade Hands              Tmut           ###.......   77%         5    #####..
 Ice Form                 Ice/Tmut       ##......     52%         4    ###....
 Airstrike                Air            #.........   65%         4    ###....
 Confusing Touch          Hex            #.....       9%          1    None
 Passwall                 Tmut/Erth      ######....   1%          2    None
 Sticks to Snakes         Tmut           ###.....     7%          2    None
 Static Discharge         Conj/Air       ###.....     10%         3    None
 Petrify                  Tmut/Erth      ######..     1%          4    ###....
 Beastly Appendage        Tmut           ###...       4%          1    None


Dungeon Overview and Level Annotations

Branches:
Dungeon (11/15)            Temple (1/1) D:6            Lair (5/6) D:9
  Swamp (0/4) Lair:3       Spider (0/4) Lair:2          Orc (0/2) D:10
  Slime: Lair:5-6

Altars:
Ashenzari
Cheibriados
Dithmenos
Elyvilon
Fedhas
Gozag
Hepliaklqana
Kikubaaqudgha
Makhleb
Nemelex Xobeh
Okawaru
Qazlal
Ru
Sif Muna
Trog
Uskayaw
Vehumet
Wu Jian
Xom
Yredelemnul
Zin
The Shining One
Beogh

Shops:
D:8 }

Annotations:
D:2 Sigmund
D:3 Blork the orc
D:8 Mgcat's ghost, novice GrIE
D:10 exclusion: gargoyle
D:11 !death knight, Psyche
Lair:1 exclusion: oklob plant
Lair:2 exclusion: hydra
Lair:3 exclusion: oklob plant


Innate Abilities, Weirdness & Mutations

You are resistant to torment.
Your stone body is resilient. (AC +9)
You are immune to poison.
You resist negative energy. (rN+)
You are resistant to electric shocks. (rElec)
You can survive without breathing.
You are immune to petrification.
You are immune to rotting.


Message History

* * * LOW HITPOINT WARNING * * *
You block the wolf's attack. x2
Unknown command.
You closely miss the wolf.
The wolf is heavily wounded.
You slash the wolf!
You feel less wooden.
Your cursed +2 cloak unmelds from your body.
Your +0 helmet unmelds from your body.
Your +0 pair of gloves unmelds from your body.
Your cursed +2 pair of boots unmelds from your body.
Your cursed +1 leather armour of poison resistance unmelds from your body.
The wolf barely misses you. The wolf closely misses you.
The wolf bites you but does no damage. The wolf barely misses you.
You closely miss the wolf.
The wolf is heavily wounded.
You hit the wolf. You miss the wolf. The wolf misses you.
The wolf pauses to sniff the ground.
The wolf closely misses you. The wolf bites you.
You die...

.....#.....P.#................#
..#........PP.#...............#
.P###..........#P.............##
###*#..........#.....h........P#
..#*..........#.P...h.........P#*
..# ........##................#
..# ........*##...............##
..# ....... #hh.....[.........
............ #@hh..............
....... ,,, ∆ *###...........♣...
....... , , ,* ##..........♣...
....... , * #.#.#..........
......., #######...♣.... .......,
* , ##.♣♣{.{. ,, ,, , , , *
*#{.#.....h ,,, , , ,, , *
#...h..h.% ,,, * , .............


You could see 6 wolves.

Vanquished Creatures
  Harold (Lair:3)
  A hydra (Lair:5)
  2 two-headed ogres
  11 death yaks (Lair:4)
  An unseen horror (D:11)
  A centaur zombie (D:11)
  3 elephants (Lair:4)
  5 spiny frogs
  4 black mambas (Lair:4)
  A rime drake (Lair:5)
  5 komodo dragons
  2 jumping spiders (Lair:2)
  A troll (D:11)
  7 blink frogs (Lair:5)
  5 hippogriffs
  A redback (Lair:2)
  8 yaks
  Eustachio (D:6)
  A basilisk (Lair:5)
  A hungry ghost (D:10)
  2 swamp worms (Lair:3)
  19 water moccasins
  3 wargs (D:9)
  9 porcupines
  The ghost of CLM the Ruffian, an amateur VSTm (D:3)
  A black bear (Lair:1)
  An ice beast (D:8)
  3 sky beasts
  2 hornet zombies (D:8)
  4 orc warriors
  An eye of draining (D:11)
  6 ogres
  16 wolves
  A centaur (D:9)
  5 crocodiles
  2 big kobolds
  10 bullfrogs
  4 scorpions
  5 killer bees (D:10)
  8 wights
  An electric eel (Lair:3)
  A howler monkey (D:5)
  A crimson imp (D:5)
  3 bullfrog zombies
  5 hounds
  2 jellies
  6 orc priests
  A centaur skeleton (D:7)
  8 orc wizards
  2 bullfrog skeletons
  3 iguanas
  Terence (D:2)
  8 hell rats
  9 worker ants
  A hound skeleton (D:6)
  A hound zombie (D:7)
  A worker ant zombie (D:6)
  3 gnolls (D:5)
  4 river rats (Lair:2)
  12 adders
  A shadow imp (D:5)
  3 oozes
  2 adder skeletons
  A worm (D:2)
  6 dart slugs
  6 leopard geckos
  36 orcs
  2 ball pythons
  6 giant cockroaches
  4 goblins
  4 hobgoblins
  9 jackals
  25 kobolds
  4 quokkas
  A ball python skeleton (D:4)
  4 bats
  3 frilled lizards
  A jackal skeleton (D:6)
  A quokka skeleton (D:5)
  13 rats
370 creatures vanquished.

Vanquished Creatures (others)
  A bush (Lair:4)
  14 fungi
  16 plants
31 creatures vanquished.

Grand Total: 401 creatures vanquished

Notes
Turn   | Place    | Note
-------+----------+-------------------------------------------
     0 | D:1      | tilp the Gargoyle Earth Elementalist began the quest for the Orb.
     0 | D:1      | Reached XP level 1. HP: 10/10 MP: 3/3
    45 | D:1      | Reached skill level 4 in Earth Magic
    67 | D:1      | Reached XP level 2. HP: 4/15 MP: 1/5
   920 | D:1      | Reached skill level 5 in Earth Magic
   920 | D:1      | Reached XP level 3. HP: 19/19 MP: 6/6
  1675 | D:1      | Learned a level 3 spell: Stone Arrow
  1844 | D:2      | Noticed Terence
  1879 | D:2      | Reached XP level 4. HP: 10/24 MP: 1/7
  1899 | D:2      | HP: 1/24 [Terence/mace (5)]
  2353 | D:2      | Killed Terence
  2353 | D:2      | Reached skill level 6 in Earth Magic
  2531 | D:2      | Found a radiant altar of Vehumet.
  2625 | D:2      | Noticed Sigmund
  3279 | D:3      | Reached XP level 5. HP: 28/28 MP: 8/8
  3354 | D:3      | Noticed CLM's ghost (amateur VSTm)
  3366 | D:3      | Killed CLM's ghost
  3366 | D:3      | Reached skill level 7 in Earth Magic
  3366 | D:3      | Reached XP level 6. HP: 29/32 MP: 3/9
  3565 | D:3      | Reached skill level 1 in Conjurations
  4018 | D:3      | Noticed Blork the orc
  4396 | D:4      | Reached skill level 1 in Fighting
  4852 | D:4      | Reached XP level 7. HP: 33/41 MP: 7/10
  5463 | D:5      | Entered Level 5 of the Dungeon
  5619 | D:5      | Found a sacrificial altar of Ru.
  5963 | D:5      | Learned a level 5 spell: Lee's Rapid Deconstruction
  6840 | D:6      | Noticed Eustachio
  6860 | D:6      | Killed Eustachio
  6860 | D:6      | Reached XP level 8. HP: 43/48 MP: 1/14
  7335 | D:6      | Found a staircase to the Ecumenical Temple.
  7362 | Temple   | Entered the Ecumenical Temple
  7595 | Temple   | Became a worshipper of Ashenzari the Shackled
  8560 | D:7      | Reached skill level 8 in Earth Magic
  8911 | D:7      | Reached skill level 9 in Earth Magic
  9365 | D:8      | Noticed Mgcat's ghost (novice GrIE)
  9595 | D:8      | Noticed a hippogriff
  9604 | D:7      | Reached skill level 10 in Earth Magic
  9604 | D:7      | Reached XP level 9. HP: 52/52 MP: 9/15
 10098 | D:8      | Reached skill level 5 in Spellcasting
 10405 | D:8      | Found Qoax's Gadget Emporium.
 10413 | D:8      | Bought a wand of paralysis (12) for 224 gold pieces
 10920 | D:9      | Reached * piety under Ashenzari
 10941 | D:9      | Reached skill level 1 in Shields
 11080 | D:9      | Reached skill level 5 in Fighting
 11915 | D:9      | Reached XP level 10. HP: 55/60 MP: 13/19
 11949 | D:9      | Found a staircase to the Lair.
 12232 | D:9      | Reached skill level 11 in Earth Magic
 12718 | D:10     | Entered Level 10 of the Dungeon
 12718 | D:10     | Noticed a gargoyle
 13128 | D:10     | Noticed a gargoyle
 13483 | D:10     | Reached skill level 12 in Earth Magic
 13723 | D:10     | Found a roughly hewn altar of Beogh.
 13723 | D:10     | Found a staircase to the Orcish Mines.
 13824 | D:10     | Noticed a two-headed ogre
 13830 | D:10     | Killed a two-headed ogre
 13830 | D:10     | Reached skill level 13 in Earth Magic
 14365 | D:11     | Killed an unseen horror
 14651 | D:11     | Reached skill level 14 in Earth Magic
 14741 | D:11     | Reached XP level 11. HP: 63/64 MP: 14/20
 14759 | D:11     | Noticed Psyche
 14926 | D:11     | Reached ** piety under Ashenzari
 14992 | D:11     | Noticed a two-headed ogre
 14997 | D:11     | Killed a two-headed ogre
 15145 | D:11     | Reached skill level 15 in Earth Magic
 15260 | D:11     | Noticed a death knight
 15383 | Lair:1   | Entered Level 1 of the Lair of Beasts
 15969 | Lair:1   | Noticed an oklob plant
 16896 | Lair:2   | Noticed a five-headed hydra
 16983 | Lair:2   | Reached skill level 16 in Earth Magic
 18096 | Lair:2   | Found a hole to the Spider Nest.
 18266 | Lair:3   | Found a staircase to the Swamp.
 18603 | Lair:3   | Reached *** piety under Ashenzari
 18897 | Lair:3   | Noticed an oklob plant
 19229 | Lair:3   | Noticed Harold
 19241 | Lair:3   | Killed Harold
 19241 | Lair:3   | Reached XP level 12. HP: 77/77 MP: 5/21
 19555 | Lair:3   | Reached skill level 10 in Fighting
 20590 | Lair:4   | Noticed a death yak
 20591 | Lair:4   | Reached skill level 1 in Evocations
 21105 | Lair:4   | Reached **** piety under Ashenzari
 21189 | Lair:4   | Noticed a death yak
 21189 | Lair:4   | Noticed a death yak
 21221 | Lair:4   | Killed a death yak
 21224 | Lair:4   | Killed a death yak
 21429 | Lair:4   | Noticed a death yak
 21429 | Lair:4   | Noticed a death yak
 21429 | Lair:4   | Noticed a death yak
 21461 | Lair:4   | Killed a death yak
 21511 | Lair:4   | Noticed a death yak
 21555 | Lair:4   | Killed a death yak
 21557 | Lair:4   | Noticed a death yak
 21567 | Lair:4   | Killed a death yak
 21569 | Lair:4   | Killed a death yak
 21803 | Lair:4   | Noticed a death yak
 21803 | Lair:4   | Noticed a death yak
 21804 | Lair:4   | Noticed a death yak
 21824 | Lair:4   | Killed a death yak
 21824 | Lair:4   | Reached XP level 13. HP: 64/89 MP: 17/22
 23720 | Lair:5   | HP: 4/135 [wolf (5)]
 23733 | Lair:5   | HP: 5/135 [wolf (3)]
 23738 | Lair:5   | HP: 7/202 [wolf (3)]
 23743 | Lair:5   | HP: 4/202 [wolf (5)]
 23744 | Lair:5   | HP: 1/202 [wolf (3)]
 23746 | Lair:5   | Slain by a wolf

Vault maps used:
D:1:      dpeg_arrival_shelter
D:2:      lemuel_crystal_altar, uniq_sigmund, uniq_terence
D:3:      tgw_sif
D:4:      first_ration
D:5:      basic_altar
D:6:      minmay_temple_entry_large_hall, nrook_loot_triangle, uniq_eustachio
D:7:      grunt_ogre_cave
D:8:      serial_shops, nicolae_shop_crystal, grunt_decor_cap,
          grunt_ministairs_13
D:9:      erik_lair_orcish_takeover, nicolae_two_hexagons
D:10:     minmay_shrinking_squares, david_orc_5
D:11:     uniq_psyche
Temple:   roderic_octagonal_lattice_temple
Lair:1:   bh_autumn_forest_stairs, serial_bayou_pond_c, lemuel_oklob_altar
Lair:2:   spider_nest_entry_funnel_web, minivault_19, kennysheep_abandoned_house
Lair:3:   nicolae_swamp_entry_splash_gauntlet, minmay_lair_oklob_chamber,
          uniq_harold
Lair:4:   beast_lair_carwin_large_1
Lair:5:   grunt_forest_large_clearings, lemuel_fruit_fields

Skill      XL: |  1  2  3  4  5  6  7  8  9 10 11 12 13 |
---------------+----------------------------------------+-----
Earth Magic    | 4 5 6 7 10 14 16 | 16.5
Conjurations   | 3 |  3.0
Fighting       | 3 4 6 9 13 14 | 14.1
Spellcasting   | 4 6 8 |  8.0
Dodging        | 2 4 |  4.2
Shields        | 4 |  4.2
Evocations     | 2 |  2.2
Stealth        | |  2.1
Transmutations | |  0.7

Action                   |  1- 3 |  4- 6 |  7- 9 | 10-12 | 13-15 || total
-------------------------+-------+-------+-------+-------+-------++-------
Melee: Dagger            |   157 |     7 |       |       |       ||   164
       Unarmed           |    11 |       |       |       |       ||    11
       Mace              |       |   148 |   208 |       |       ||   356
       Hand axe          |       |       |   166 |   560 |   258 ||   984
Throw: Tomahawk          |       |       |       |     4 |     3 ||     7
 Cast: Sandblast         |    16 |    46 |    48 |   169 |    41 ||   320
       Stone Arrow       |       |       |    31 |    46 |     4 ||    81
       Lee's Rapid Decon |       |       |    13 |    15 |     1 ||    29
Invok: Curse Item        |       |       |     3 |     3 |       ||     6
Evoke: Wand              |       |       |       |     2 |     1 ||     3
  Use: Scroll            |       |       |     7 |    10 |     4 ||    21
       Potion            |       |       |       |     1 |     5 ||     6
 Stab: Sleeping          |     1 |     6 |     5 |     3 |       ||    15
       Distracted        |       |       |       |     1 |       ||     1
  Eat: Chunk             |     3 |     4 |    14 |    22 |     4 ||    47
       Ration            |       |     2 |     4 |     6 |     1 ||    13
Armor: Robe              |    59 |    90 |    56 |       |       ||   205
       Leather armour    |       |       |   224 |   402 |   140 ||   766
       Skin              |       |       |       |       |    41 ||    41
Dodge: Dodged            |   105 |   156 |   441 |   561 |   244 ||  1507
Block: Buckler           |       |       |       |   184 |    70 ||   254

Table legend:
 A = Spawn XP
 B = Non-spawn XP
 C = Spawn XP percentage of total XP
 D = Spawn monster count
 E = Non-spawn monster count
 F = Spawn count percentage of total count
 G = Total turns spent on level
                    A         B        C        D         E        F      G
               +---------+---------+-------+---------+---------+-------+---------
         Total |       0 |   43084 |   0.0 |       0 |     370 |   0.0 | 23746
               +---------+---------+-------+---------+---------+-------+---------
           D:1 |       0 |      70 |   0.0 |       0 |      29 |   0.0 |  2354
           D:2 |       0 |      93 |   0.0 |       0 |      13 |   0.0 |   920
           D:3 |       0 |     305 |   0.0 |       0 |      28 |   0.0 |  1066
           D:4 |       0 |     221 |   0.0 |       0 |      13 |   0.0 |  1123
           D:5 |       0 |     481 |   0.0 |       0 |      18 |   0.0 |  1383
           D:6 |       0 |     448 |   0.0 |       0 |      10 |   0.0 |   982
           D:7 |       0 |     771 |   0.0 |       0 |      24 |   0.0 |  1856
           D:8 |       0 |     962 |   0.0 |       0 |      15 |   0.0 |   919
           D:9 |       0 |    1678 |   0.0 |       0 |      28 |   0.0 |  2023
          D:10 |       0 |    2501 |   0.0 |       0 |      38 |   0.0 |  1458
          D:11 |       0 |    3314 |   0.0 |       0 |      24 |   0.0 |  1049
        Lair:1 |       0 |    2545 |   0.0 |       0 |      12 |   0.0 |  1496
        Lair:2 |       0 |    2868 |   0.0 |       0 |      26 |   0.0 |  1294
        Lair:3 |       0 |    3373 |   0.0 |       0 |      16 |   0.0 |  1777
        Lair:4 |       0 |   16928 |   0.0 |       0 |      42 |   0.0 |  2473
        Lair:5 |       0 |    6526 |   0.0 |       0 |      34 |   0.0 |  1323
               +---------+---------+-------+---------+---------+-------+---------
